EL
ARKANSAS TRAVELERS @ BOWIE BAYSOX
09/25/2046
 
TOP OF THE 1ST
Arkansas Travelers batting - Pitching for Bowie Baysox : RHP Ryan Hemmerich
Pitching: RHP Ryan Hemmerich
Batting: LHB Justin Alexander 0-0: Ball
1-0: Foul Ball, location: 2F
1-1: Called Strike
1-2: Foul Ball, location: 2F
1-2: Reached on error, E7 (Flyball, 7, EV 91.2 MPH)
Batting: RHB Luis Romero 0-0: Called Strike
Justin Alexander steals 2nd base
0-1: Foul Ball, location: 2F
0-2: SINGLE (Line Drive, 89S, EV 90.0 MPH)
Justin Alexander to third
Batting: RHB Mike Alm 0-0: Called Strike
Luis Romero steals 2nd base
0-1: Ground out 5-3 (Groundball, 56S, EV 88.8 MPH)
Justin Alexander scores
Batting: RHB Eric Davis 0-0: Ball
1-0: Ball
2-0: Called Strike
2-1: Foul Ball, location: 2F
2-2: Strikes out looking
Batting: LHB Barrfhionn O'Toole 0-0: Called Strike
0-1: Swinging Strike
0-2: Ball
1-2: Strikes out swinging
Top of the 1st over - 1 run, 1 hit, 1 error, 1 left on base; Arkansas 1 - Bowie 0
BOTTOM OF THE 1ST
Bowie Baysox batting - Pitching for Arkansas Travelers : RHP Owen Prouty
Pitching: RHP Owen Prouty
Batting: RHB Ryan Taylor 0-0: Foul Ball, location: 2F
0-1: Foul Ball, location: 2F
0-2: Ball
1-2: Fly out, F9 (Flyball, 9S, EV 83.8 MPH)
Batting: LHB Ben Antal 0-0: Foul Ball, location: 2F
0-1: Ball
1-1: Ball
2-1: Foul Ball, location: 2F
2-2: Ball
3-2: Base on Balls
Batting: RHB Danny Merrill 0-0: Ball
1-0: Swinging Strike
1-1: Ball
2-1: Foul Ball, location: 2F
2-2: Ball
3-2: Base on Balls
Ben Antal to second
Batting: LHB Raul Rojas 0-0: Called Strike
0-1: Ball
1-1: Ball
2-1: Foul Ball, location: 2F
2-2: Fielders Choice at 2nd, 5-4 (Groundball, 5, EV 81.2 MPH)
Ben Antal to third
Batting: RHB Edwin Ramos 0-0: Called Strike
0-1: Foul Ball, location: 2F
0-2: Strikes out swinging
Bottom of the 1st over - 0 runs, 0 hits, 0 errors, 2 left on base; Arkansas 1 - Bowie 0
TOP OF THE 2ND
Arkansas Travelers batting - Pitching for Bowie Baysox : RHP Ryan Hemmerich
Batting: RHB Ryan Pelletier 0-0: Ball
1-0: Foul Ball, location: 2F
1-1: Called Strike
1-2: Ball
2-2: Ball
3-2: Strikes out swinging
Batting: RHB Gary Horgan 0-0: DOUBLE (Groundball, 3L, EV 108.1 MPH)
Batting: RHB Timoleon Tsikouna 0-0: Ball
1-0: Called Strike
Gary Horgan steals 3rd, throwing error, E2
Gary Horgan scores
1-1: Ball
2-1: Foul Ball, location: 2F
2-2: Foul Ball, location: 2F
2-2: Foul Ball, location: 2F
2-2: Strikes out swinging
Batting: RHB Danny Bjarnson 0-0: Ball
1-0: Foul Ball, location: 2F
1-1: SINGLE (Groundball, 6D, EV 101.2 MPH)
Batting: LHB Justin Alexander 0-0: Foul Ball, location: 2F
0-1: Called Strike
0-2: Ball
1-2: Ground out 1-3 (Groundball, 34S, EV 68.1 MPH)
Top of the 2nd over - 1 run, 2 hits, 1 error, 1 left on base; Arkansas 2 - Bowie 0
BOTTOM OF THE 2ND
Bowie Baysox batting - Pitching for Arkansas Travelers : RHP Owen Prouty
Batting: RHB Jordan Wallace 0-0: Foul Ball, location: 2F
0-1: DOUBLE (Line Drive, 78D, EV 113.8 MPH)
Batting: LHB Jose Fierro 0-0: Ball
1-0: Ball
2-0: Ball
3-0: Called Strike
3-1: Called Strike
3-2: Foul Ball, location: 2F
3-2: Ground out 6-3 (Groundball, 6, EV 101.9 MPH)
Batting: RHB Travis Carter 0-0: Ball
1-0: Ball
2-0: Ball
3-0: Base on Balls
Batting: SHB Hugo Moreno 0-0: Called Strike
0-1: Foul Ball, location: 2F
0-2: Ball
1-2: Strikes out swinging
Batting: RHB Ryan Taylor 0-0: Ball
1-0: Swinging Strike
1-1: Swinging Strike
1-2: Foul Ball, location: 2F
1-2: Strikes out looking
Bottom of the 2nd over - 0 runs, 1 hit, 0 errors, 2 left on base; Arkansas 2 - Bowie 0
TOP OF THE 3RD
Arkansas Travelers batting - Pitching for Bowie Baysox : RHP Ryan Hemmerich
Batting: RHB Luis Romero 0-0: Called Strike
0-1: Called Strike
0-2: Foul Ball, location: 2F
0-2: Foul Ball, location: 2F
0-2: Hit by Pitch
Batting: RHB Mike Alm 0-0: Ball
1-0: Swinging Strike
1-1: Called Strike
1-2: Ball
2-2: Ball
3-2: Strikes out looking
Luis Romero is caught stealing 2nd base 2-4
Batter strikes out.
Batting: RHB Eric Davis 0-0: SINGLE (Groundball, 15S, EV 72.5 MPH) (infield hit)
Batting: LHB Barrfhionn O'Toole 0-0: Ball
1-0: Ball
2-0: Called Strike
2-1: SINGLE (Groundball, 4D, EV 106.9 MPH)
Eric Davis to second
Runner from 2nd tries for 3rd, SAFE, no throw by CF
Batting: RHB Ryan Pelletier 0-0: Ball
1-0: Ball
2-0: Ball
3-0: Base on Balls
Barrfhionn O'Toole to second
Batting: RHB Gary Horgan 0-0: Called Strike
0-1: Foul Ball, location: 2F
0-2: Ball
1-2: Foul Ball, location: 2F
1-2: DOUBLE (Line Drive, 9LM, EV 114.4 MPH)
Eric Davis scores
Barrfhionn O'Toole scores
Ryan Pelletier to third
Runner from 3rd tries for Home, SAFE, no throw by RF
Pitching: RHP Wil Martinez
Batting: RHB Timoleon Tsikouna 0-0: Called Strike
0-1: Ball
1-1: Foul Ball, location: 2F
1-2: Fly out, F8 (Line Drive, 8RD, EV 88.8 MPH)
Top of the 3rd over - 3 runs, 3 hits, 0 errors, 1 left on base; Arkansas 5 - Bowie 0
BOTTOM OF THE 3RD
Bowie Baysox batting - Pitching for Arkansas Travelers : RHP Owen Prouty
Batting: LHB Ben Antal 0-0: Ball
1-0: Ball
2-0: Ball
3-0: Called Strike
3-1: SINGLE (Groundball, 4MD, EV 98.8 MPH)
Batting: RHB Danny Merrill 0-0: Foul Ball, location: 2F
0-1: Ball
1-1: Ball
2-1: Ball
3-1: Base on Balls
Ben Antal to second
Batting: LHB Raul Rojas 0-0: Called Strike
0-1: Grounds into double play, 6-4-3 (Groundball, 6, EV 98.8 MPH)
Ben Antal to third
Batting: RHB Edwin Ramos 0-0: Ball
1-0: 2-RUN HOME RUN (Flyball, 7D, EV 100.6 MPH), Distance : 376 ft
Batting: RHB Jordan Wallace 0-0: Called Strike
0-1: Fly out, F9 (Flyball, 9D, EV 86.2 MPH)
Bottom of the 3rd over - 2 runs, 2 hits, 0 errors, 0 left on base; Arkansas 5 - Bowie 2
TOP OF THE 4TH
Arkansas Travelers batting - Pitching for Bowie Baysox : RHP Wil Martinez
Batting: RHB Danny Bjarnson 0-0: Swinging Strike
0-1: Ball
1-1: Ball
2-1: Ball
3-1: Ground out 4-3 (Groundball, 4, EV 81.2 MPH)
Batting: LHB Justin Alexander 0-0: Ball
1-0: Ball
2-0: Fly out, F8 (Flyball, 8RD, EV 103.8 MPH)
Batting: RHB Luis Romero 0-0: Ball
1-0: Called Strike
1-1: Ball
2-1: Ball
3-1: Swinging Strike
3-2: Base on Balls
Batting: RHB Mike Alm 0-0: Ball
1-0: Ball
2-0: Called Strike
2-1: Foul Ball, location: 2F
2-2: Foul Ball, location: 2F
2-2: Foul Ball, location: 2F
2-2: Strikes out swinging
Top of the 4th over - 0 runs, 0 hits, 0 errors, 1 left on base; Arkansas 5 - Bowie 2
BOTTOM OF THE 4TH
Bowie Baysox batting - Pitching for Arkansas Travelers : RHP Owen Prouty
Batting: LHB Jose Fierro 0-0: Ball
1-0: Ground out 6-3 (Groundball, 6, EV 93.1 MPH)
Batting: RHB Travis Carter 0-0: Ball
1-0: Ball
2-0: Ball
3-0: Base on Balls
Batting: SHB Hugo Moreno 0-0: Swinging Strike
0-1: Called Strike
0-2: Strikes out swinging
Batting: RHB Ryan Taylor 0-0: Swinging Strike
0-1: Foul Ball, location: 2F
0-2: Ball
1-2: Ball
2-2: Strikes out swinging
Bottom of the 4th over - 0 runs, 0 hits, 0 errors, 1 left on base; Arkansas 5 - Bowie 2
TOP OF THE 5TH
Arkansas Travelers batting - Pitching for Bowie Baysox : RHP Wil Martinez
Batting: RHB Eric Davis 0-0: Called Strike
0-1: Foul Ball, location: 2F
0-2: Ball
1-2: Strikes out swinging
Batting: LHB Barrfhionn O'Toole 0-0: Ball
1-0: Ball
2-0: Ground out 4-3 (Groundball, P, EV 84.4 MPH)
Batting: RHB Ryan Pelletier 0-0: Called Strike
0-1: Ball
1-1: Ball
2-1: Swinging Strike
2-2: Foul Ball, location: 2F
2-2: Ball
3-2: Foul Ball, location: 2F
3-2: Strikes out swinging
Top of the 5th over - 0 runs, 0 hits, 0 errors, 0 left on base; Arkansas 5 - Bowie 2
BOTTOM OF THE 5TH
Bowie Baysox batting - Pitching for Arkansas Travelers : RHP Owen Prouty
Batting: LHB Ben Antal 0-0: Ground out 4-3 (Groundball, 34D, EV 103.1 MPH)
Batting: RHB Danny Merrill 0-0: Called Strike
0-1: Foul Ball, location: 2F
0-2: Ball
1-2: Foul Ball, location: 2F
1-2: Strikes out swinging
Batting: LHB Raul Rojas 0-0: Ball
1-0: Foul Ball, location: 2F
1-1: Fly out, F7 (Flyball, 7, EV 86.2 MPH)
Bottom of the 5th over - 0 runs, 0 hits, 0 errors, 0 left on base; Arkansas 5 - Bowie 2
TOP OF THE 6TH
Arkansas Travelers batting - Pitching for Bowie Baysox : RHP Wil Martinez
Batting: RHB Gary Horgan 0-0: Ground out 5-3 (Groundball, 56, EV 103.1 MPH)
Batting: RHB Timoleon Tsikouna 0-0: Ground out 4-3 (Groundball, 4, EV 80.0 MPH)
Batting: RHB Danny Bjarnson 0-0: Foul Ball, location: 2F
0-1: Ball
1-1: Ball
2-1: Ball
3-1: Fly out, F8 (Flyball, 8RD, EV 93.8 MPH)
Top of the 6th over - 0 runs, 0 hits, 0 errors, 0 left on base; Arkansas 5 - Bowie 2
BOTTOM OF THE 6TH
Bowie Baysox batting - Pitching for Arkansas Travelers : RHP Owen Prouty
Batting: RHB Edwin Ramos 0-0: Called Strike
0-1: Foul Ball, location: 2F
0-2: Ground out 6-3 (Groundball, 56, EV 83.8 MPH)
Batting: RHB Jordan Wallace 0-0: Ground out 5-3 (Groundball, 56S, EV 82.5 MPH)
Batting: LHB Jose Fierro 0-0: Ball
1-0: Called Strike
1-1: Foul Ball, location: 2F
1-2: Strikes out swinging
Bottom of the 6th over - 0 runs, 0 hits, 0 errors, 0 left on base; Arkansas 5 - Bowie 2
TOP OF THE 7TH
Arkansas Travelers batting - Pitching for Bowie Baysox : RHP Wil Martinez
Pitching: RHP Mike Brubaker
Batting: LHB Justin Alexander 0-0: Called Strike
0-1: Foul Ball, location: 2F
0-2: Strikes out swinging
Batting: RHB Luis Romero 0-0: Ball
1-0: Ball
2-0: Swinging Strike
2-1: Ball
3-1: Foul Ball, location: 2F
3-2: Strikes out swinging
Batting: RHB Mike Alm 0-0: Ball
1-0: Foul Ball, location: 2F
1-1: Ground out 6-3 (Groundball, P, EV 85.0 MPH)
Top of the 7th over - 0 runs, 0 hits, 0 errors, 0 left on base; Arkansas 5 - Bowie 2
BOTTOM OF THE 7TH
Bowie Baysox batting - Pitching for Arkansas Travelers : RHP Owen Prouty
Pitching: RHP Eli Mercedes
Batting: RHB Travis Carter 0-0: Swinging Strike
0-1: Foul Ball, location: 2F
0-2: Ball
1-2: Ball
2-2: Foul Ball, location: 2F
2-2: Ball
3-2: Ground out 6-3 (Groundball, 6, EV 89.4 MPH)
Batting: SHB Hugo Moreno 0-0: Ball
1-0: Called Strike
1-1: Called Strike
1-2: Strikes out looking
Batting: RHB Ryan Taylor 0-0: Ball
1-0: Called Strike
1-1: Ball
2-1: Fly out, F3 (Popup, 3L, EV 82.5 MPH)
Bottom of the 7th over - 0 runs, 0 hits, 0 errors, 0 left on base; Arkansas 5 - Bowie 2
TOP OF THE 8TH
Arkansas Travelers batting - Pitching for Bowie Baysox : RHP Mike Brubaker
Batting: RHB Eric Davis 0-0: SINGLE (Groundball, 4MD, EV 101.9 MPH)
Batting: LHB Barrfhionn O'Toole 0-0: Grounds into double play, 6-4-3 (Groundball, 6, EV 87.5 MPH)
Batting: RHB Ryan Pelletier 0-0: Ball
1-0: Foul Ball, location: 2F
1-1: Ground out U3 (Groundball, 34, EV 85.0 MPH)
Top of the 8th over - 0 runs, 1 hit, 0 errors, 0 left on base; Arkansas 5 - Bowie 2
BOTTOM OF THE 8TH
Bowie Baysox batting - Pitching for Arkansas Travelers : RHP Eli Mercedes
Pitching: RHP Cal Abbott
Batting: LHB Ben Antal 0-0: Called Strike
0-1: SOLO HOME RUN (Flyball, 9D, EV 96.2 MPH), Distance : 367 ft
Batting: RHB Danny Merrill 0-0: Ball
1-0: Called Strike
1-1: Ball
2-1: Called Strike
2-2: Foul Ball, location: 2F
2-2: SINGLE (Flyball, 5D, EV 92.5 MPH)
Batting: LHB Raul Rojas 0-0: Ball
1-0: Ball
2-0: Called Strike
2-1: Swinging Strike
2-2: Ball
3-2: Foul Ball, location: 2F
3-2: Strikes out looking
Batting: RHB Edwin Ramos 0-0: Ball
1-0: Fly out, F4 (Line Drive, 4, EV 72.5 MPH)
Pinch Hitting: LHB Wes Goscinski 0-0: Called Strike
0-1: Called Strike
0-2: Foul Ball, location: 2F
0-2: Ball
1-2: Fly out, F1 (Line Drive, P, EV 65.0 MPH)
Bottom of the 8th over - 1 run, 2 hits, 0 errors, 1 left on base; Arkansas 5 - Bowie 3
TOP OF THE 9TH
Arkansas Travelers batting - Pitching for Bowie Baysox : RHP Mike Brubaker
Now at 1B: Wes Goscinski
Now at 2B: Danny Merrill
Now at 3B: Jose Fierro
Batting: RHB Gary Horgan 0-0: Ball
1-0: Called Strike
1-1: Ball
2-1: Foul Ball, location: 2F
2-2: Foul Ball, location: 2F
2-2: Foul Ball, location: 2F
2-2: Foul Ball, location: 2F
2-2: SINGLE (Groundball, 3S, EV 71.2 MPH) (infield hit)
Batting: RHB Timoleon Tsikouna 0-0: Called Strike
0-1: Ball
1-1: Foul Ball, location: 2F
1-2: Fielders Choice at 2nd, 4-6 (Groundball, 4, EV 88.8 MPH)
Batting: RHB Danny Bjarnson 0-0: Ground out 4-3 (Groundball, 34, EV 103.1 MPH)
Timoleon Tsikouna to second
Batting: LHB Justin Alexander 0-0: Ball
1-0: Foul Ball, location: 2F
1-1: Ball
2-1: Ball
3-1: SINGLE (Line Drive, 78S, EV 91.9 MPH)
Timoleon Tsikouna to third
Batting: RHB Luis Romero 0-0: Ball
1-0: Called Strike
1-1: Foul Ball, location: 2F
1-2: Foul Ball, location: 2F
1-2: Foul Ball, location: 2F
1-2: Ball
2-2: Foul Ball, location: 2F
2-2: Strikes out looking
Top of the 9th over - 0 runs, 2 hits, 0 errors, 2 left on base; Arkansas 5 - Bowie 3
BOTTOM OF THE 9TH
Bowie Baysox batting - Pitching for Arkansas Travelers : RHP Cal Abbott
Pitching: RHP Ed Raleigh
Batting: LHB Jose Fierro 0-0: Foul Ball, location: 2F
0-1: Ground out 6-3 (Groundball, 56, EV 84.4 MPH)
Batting: RHB Travis Carter 0-0: Foul Ball, location: 2F
0-1: Foul Ball, location: 2F
0-2: Ball
1-2: Strikes out looking
Pinch Hitting: LHB Pat Shaddock 0-0: Called Strike
0-1: Swinging Strike
0-2: Ball
1-2: SINGLE (Line Drive, 6MD, EV 96.2 MPH)
Batting: RHB Ryan Taylor 0-0: Foul Ball, location: 2F
0-1: Foul Ball, location: 2F
0-2: Strikes out swinging
Bottom of the 9th over - 0 runs, 1 hit, 0 errors, 1 left on base; Arkansas 5 - Bowie 3
Tuesday, September 13th , 2022 - OOTP Baseball 23.7 Build 88